Map: Neon Violet Square LE

Players

ListerFiend

  • Race: Zerg Zerg
  • League: Diamond
  • Spawn Location: 11:00

Juxtapose - Winner!

  • Race: Terran Terran
  • League: Platinum
  • Spawn Location: 5:00

VOD

https://youtu.be/Por6eakZBVA

Description

This was a really fun match, and I decided not to try doing an all in and macro a bit more.

My opponent and I also got into a fantastic conversation post-match, so while the match is only about 11 to 13 minutes, the rest of the video is us talking (with a bit of a surprise ending).

I'm really looking forward to playing some friendly/practice matches with ListerFiend in the days to come!

Time

  • Played on: Jan. 25, 2018, 7:29 p.m.
  • Length: 33:19
Show
View Real Time Build Order
Export as new Build Order

ListerFiend Zerg 

Build Orders: Pool First, Muta Ling Bane 

Get SALT Encoding   

  12  0:02  Drone  
  13  0:15  Overlord  
  13  0:33  Spawning Pool  
  12  0:37  Drone  
  12  0:40  Drone  
  14  0:43  Drone  
  15  0:50  Drone  
  16  1:00  Overlord  
  16  1:12  Extractor  
  15  1:21  Zergling x4  
  15  1:23  Queen  
  19  1:33  Zergling x2  
  20  1:43  Zergling x2  
  21  2:02  Hatchery  
  20  2:13  Drone  
  21  2:19  Metabolic Boost  
  21  2:37  Hatchery  
  21  2:38  Drone x2  
  21  3:05  Zergling x8  
  23  3:20  Drone x3  
  25  3:36  Zergling x2  
  26  3:58  Queen  
  26  4:00  Queen  
  26  4:01  Drone x6  
  26  4:02  Drone x2  
  38  4:06  Extractor  
  34  4:22  Drone x7  
  41  4:28  Overlord x2  
  41  4:51  Extractor  
  40  4:52  Extractor  
  40  4:55  Extractor  
  40  4:56  Extractor  
  40  4:58  Drone x3  
  40  4:59  Drone x8  
  48  5:18  Lair  
  48  5:31  Drone x9  
  48  5:33  Overlord  
  57  5:42  Spore Crawler  
  57  5:47  Spore Crawler  
  57  5:48  Spore Crawler  
  54  5:55  Overlord x2  
  54  6:11  Baneling Nest  
  54  6:17  Overseer  
  53  6:21  Drone  
  53  6:22  Drone x11  
  65  6:31  Drone  
  65  6:32  Drone  
  67  6:40  Drone  
  67  6:41  Overlord  
  67  6:43  Overlord  
  68  6:47  Drone, Spire  
  68  6:49  Overlord  
  68  6:56  Centrifical Hooks  
  68  6:58  Baneling x5  
  68  7:10  Pneumatized Carapace  
  68  7:28  Evolution Chamber  
  67  7:31  Evolution Chamber  
  67  7:34  Overlord x2  
  66  8:00  Mutalisk x18  
  66  8:01  Mutalisk  
  66  8:03  Zerg Flyer Weapons Level 1  
  104  8:05  Zerg Melee Weapons Level 1  
  104  8:09  Zerg Ground Armor Level 1  
  104  8:20  Zergling x2  
  104  8:21  Zergling x14  
  112  8:44  Overlord x2  
  112  8:49  Overlord x2  
  112  8:50  Overlord x2  
  112  8:58  Baneling x12  
  112  8:59  Baneling x4  
  112  9:16  Zergling x26  
  117  9:43  Zergling x20  
  117  10:02  Mutalisk x3  
  119  10:13  Baneling  
  119  10:16  Baneling  
  119  10:17  Baneling x29  
  119  10:18  Baneling x2  
  119  10:20  Hatchery  
  114  10:31  Mutalisk x6  
  114  10:32  Hatchery  
  125  10:42  Queen  
  127  10:47  Mutalisk x4  
  135  11:13  Infestation Pit  
  134  11:25  Zergling x36  
  140  12:14  Zerg Ground Armor Level 2, Zerg Melee Weapons Level 2, Hive  
  140  12:19  Zerg Flyer Weapons Level 2  
  140  12:27  Drone x4  
  140  12:28  Drone x12  
  140  12:29  Drone  
  155  13:06  Extractor x2  
  155  13:07  Queen  
  155  13:08  Drone x3  
  158  13:18  Baneling x9  
  158  13:19  Baneling x4  
  158  13:23  Extractor  
  158  13:26  Extractor  
  156  13:33  Drone x4  
  160  13:44  Ultralisk Cavern  
  153  14:07  Zergling x14  
  153  14:08  Zergling x6  
  122  14:27  Drone x4  
  122  14:28  Drone x24  
  148  14:40  Overlord x11  
  148  14:43  Baneling x12  
  148  14:44  Baneling x8  
  148  15:09  Hatchery  
  148  15:13  Hatchery  
  146  15:14  Hatchery  
  146  15:19  Extractor  
  144  15:25  Spine Crawler, Hatchery  
  144  15:26  Spine Crawler  
  141  15:28  Spine Crawler, Hatchery  
  141  15:29  Hatchery  
  141  15:31  Ultralisk x5  
  168  15:36  Zerg Melee Weapons Level 3  
  168  16:05  Greater Spire  
  168  16:08  Chitinous Plating  
  168  16:11  Zerg Ground Armor Level 3  
  168  16:43  Adrenal Glands  
  168  17:10  Zergling x2  
  168  17:11  Zergling x50  
  168  17:12  Zergling x12  
  169  18:35  Baneling x15  
  169  18:36  Baneling x4  
  169  23:08  Baneling x14  
  169  23:09  Baneling x18  
  169  26:05  Drone x3  
  172  26:27  Extractor  
  172  26:30  Extractor  
  144  29:19  Zerg Flyer Weapons Level 3  
  144  29:36  Zerg Missile Weapons Level 1  
  144  30:39  Extractor  
  144  30:41  Extractor  
Show
View Real Time Build Order
Export as new Build Order

Juxtapose Terran - Winner!

Build Orders:  

Get SALT Encoding   

  12  0:01  SCV  
  13  0:13  SCV  
  14  0:20  Supply Depot  
  14  0:25  SCV  
  15  0:41  SCV  
  16  0:45  Barracks  
  16  0:49  Supply Depot  
  16  0:56  SCV  
  17  1:00  Refinery  
  17  1:08  SCV  
  18  1:20  SCV  
  18  1:23  Refinery  
  19  1:32  SCV, Marine  
  22  1:47  Orbital Command  
  21  2:05  Barracks Reactor  
  21  2:15  SCV  
  22  2:19  Factory  
  22  2:31  SCV  
  23  2:43  SCV, Marine  
  23  2:44  Marine  
  26  2:57  SCV  
  25  3:08  Factory Tech Lab  
  23  3:18  SCV  
  23  3:22  Supply Depot  
  23  3:31  Supply Depot  
  23  3:34  SCV  
  23  3:43  Siege Tank, Marine x2  
  27  4:01  Marine  
  27  4:02  Marine  
  29  4:19  Marine  
  29  4:20  Marine  
  31  4:26  Supply Depot  
  31  4:29  Engineering Bay  
  31  4:31  Siege Tank  
  31  4:36  Marine  
  35  4:47  Command Center, SCV  
  35  4:50  Marine  
  37  4:54  Marine  
  37  4:56  Supply Depot  
  37  4:58  Terran Infantry Weapons Level 1  
  37  4:59  SCV  
  39  5:03  Siege Tank  
  39  5:06  Starport  
  42  5:08  Marine  
  42  5:12  Marine  
  44  5:23  Missile Turret  
  44  5:25  Marine  
  45  5:30  Marine  
  45  5:34  Supply Depot  
  46  5:40  Siege Tank  
  49  5:43  Marine  
  49  5:45  Starport Reactor  
  50  5:54  SCV  
  51  6:09  Orbital Command  
  51  6:23  Medivac x2  
  51  6:24  Marine  
  56  6:31  Orbital Command  
  56  6:39  Marine  
  57  6:42  Marine  
  58  6:51  Barracks  
  58  6:53  Medivac x2, Terran Infantry Armor Level 1  
  62  6:57  Marine  
  62  6:58  SCV  
  62  6:59  SCV  
  65  7:05  Marine  
  66  7:13  Supply Depot  
  66  7:14  Marine  
  67  7:26  SCV x2  
  67  7:29  Refinery  
  69  7:32  Refinery  
  69  7:37  Armory  
  69  7:38  SCV x2  
  69  7:41  Barracks Tech Lab  
  69  7:42  Marine x2  
  73  7:51  Supply Depot  
  73  7:58  Sensor Tower  
  73  8:01  SCV x2  
  75  8:08  Stimpack  
  75  8:10  Marine x2  
  77  8:15  SCV x2  
  79  8:27  SCV x2  
  81  8:46  Marine x3  
  81  8:48  Siege Tank  
  87  8:53  Medivac x2  
  82  9:04  Marine x2  
  82  9:06  Liberator x2  
  75  9:25  Missile Turret  
  75  9:26  Marine x3  
  70  9:40  SCV  
  70  9:43  Marine  
  70  9:44  Marine  
  70  9:49  Liberator  
  70  9:52  SCV  
  63  10:01  Marine  
  63  10:04  SCV, Marine x2  
  63  10:06  Siege Tank  
  69  10:09  Combat Shields  
  69  10:19  SCV x2, Marine  
  72  10:22  Marine x2  
  74  10:30  Medivac  
  74  10:31  SCV  
  77  10:37  Marine  
  77  10:38  Siege Tank  
  81  10:43  SCV  
  81  10:45  Missile Turret  
  81  10:49  Medivac  
  84  10:57  SCV  
  84  10:59  SCV  
  86  11:09  Medivac, SCV  
  89  11:11  SCV  
  90  11:33  Marine x3  
  93  11:40  Widow Mine  
  94  11:51  Marine  
  94  11:53  SCV  
  94  12:01  SCV  
  92  12:02  Widow Mine  
  92  12:05  SCV  
  89  12:13  SCV  
  90  12:28  Missile Turret  
  81  12:47  Marine  
  81  12:48  Marine x2  
  80  12:55  Medivac x2  
  80  12:57  SCV  
  81  13:05  Marine x3  
  81  13:10  SCV  
  85  13:22  SCV  
  85  13:23  Marine x3  
  85  13:25  Medivac x2  
  93  13:31  Terran Infantry Weapons Level 2  
  93  13:34  SCV  
  94  13:47  Command Center  
  94  13:54  Supply Depot  
  94  13:56  SCV  
  94  13:58  Medivac  
  90  14:08  SCV  
  84  14:20  SCV  
    30:01  Unknown x4  
Tags
 
Add a new tag
Caveats
  • Supply blocks, unpowered buildings, or Contaminate may cause inaccurate times.
  • Supply counts are checked every 10 seconds.